 Dungeon Crawl Stone Soup version 0.22-a0-161-g198051c (webtiles) character file.

41730 Azzok the Covert (level 14, -1/106 HPs)
             Began as a Gnoll Enchanter on Feb 10, 2018.
             Was a High Priest of Vehumet.
             Slain by a soul eater (12 damage)
             ... summoned by an orc sorcerer
             ... on level 10 of the Dungeon on Feb 11, 2018.
             The game lasted 01:03:32 (21847 turns).

Azzok the Covert (Gnoll Enchanter)                 Turns: 21847, Time: 01:03:33

Health: -1/106     AC: 11    Str: 13    XL:     14   Next: 16%
Magic:  6/28       EV: 17    Int: 21    God:    Vehumet [*****.]
Gold:   1045       SH:  6    Dex: 15    Spells: 27/33 levels left

rFire    . . .     SeeInvis .   b - +3 dagger
rCold    + . .     Gourm    .   W - +0 buckler
rNeg     . . .     Faith    .   P - +2 robe {rC+}
rPois    +         Spirit   .   G - +1 hat
rElec    .         Reflect  .   n - +0 cloak
rCorr    .         Harm     .   S - +2 pair of gloves {archery}
MR       ++...                  C - +0 pair of boots
Stlth    ++++......             (no amulet)
HPRegen  0.27/turn              t - ring of poison resistance
MPRegen  0.21/turn              M - ring of protection from magic

@: studying Bows, heavily drained
A: distributed training, fangs 1, blurry vision 1, strong nose
a: Renounce Religion


You were on level 10 of the Dungeon.
You worshipped Vehumet.
Vehumet was extremely pleased with you.
You were not hungry.

You visited 4 branches of the dungeon, and saw 19 of its levels.
You also visited: Ice Cave.

You collected 1045 gold pieces.

Inventory:

Hand Weapons
 b - a +3 dagger (weapon)
Armour
 n - a +0 cloak (worn)
 y - a +2 robe of magic resistance
 C - a +0 pair of boots (worn)
 G - a +1 hat (worn)
 P - a +2 robe of cold resistance (worn)
 S - a +2 pair of gloves of archery (worn)
 W - a +0 buckler (worn)
Jewellery
 c - an uncursed ring of ice
 f - an uncursed ring of ice
 j - an uncursed ring of positive energy
 s - an uncursed ring of see invisible
 t - a ring of poison resistance (left hand)
 M - a ring of protection from magic (right hand)
Wands
 p - a wand of clouds (3)
Scrolls
 h - 3 scrolls of teleportation
 k - a scroll of silence {unknown}
 l - 3 scrolls of fear
 m - a scroll of acquirement {unknown}
 q - 2 scrolls of amnesia
 r - a scroll of identify
 v - a scroll of blinking
 F - 2 scrolls of summoning {unknown}
 H - 2 scrolls of fog {unknown}
 J - 2 scrolls of remove curse
 K - 2 scrolls of magic mapping {unknown}
 T - a scroll of brand weapon {unknown}
Potions
 e - a potion of degeneration {unknown}
 o - a potion of flight {unknown}
Books
 a - a manual of Bows
Comestibles
 d - 29 rations
 g - 3 chunks of flesh


   Skills:
 + Level 8.8(7.2) Fighting
 + Level 9.2(7.5) Short Blades
 + Level 8.8(7.2) Long Blades
 + Level 8.8(7.2) Axes
 + Level 8.8(7.2) Maces & Flails
 + Level 8.8(7.2) Polearms
 + Level 8.8(7.2) Staves
 + Level 8.8(7.2) Slings
 + Level 9.4(7.7) Bows
 + Level 8.8(7.2) Crossbows
 + Level 8.8(7.2) Throwing
 + Level 8.8(7.2) Armour
 + Level 10.0(8.2) Dodging
 + Level 10.6(8.8) Stealth
 + Level 8.8(7.2) Shields
 + Level 8.8(7.2) Unarmed Combat
 + Level 10.1(8.4) Spellcasting
 + Level 7.3(5.7) Conjurations
 + Level 9.2(7.6) Hexes
 + Level 7.3(5.7) Charms
 + Level 7.3(5.7) Summonings
 + Level 7.3(5.7) Necromancy
 + Level 7.3(5.7) Translocations
 + Level 7.3(5.7) Transmutations
 + Level 7.3(5.7) Fire Magic
 + Level 7.3(5.7) Ice Magic
 + Level 7.3(5.7) Air Magic
 + Level 7.3(5.7) Earth Magic
 + Level 7.3(5.7) Poison Magic
 + Level 9.6(7.9) Invocations
 + Level 8.8(7.2) Evocations


You had 27 spell levels left.
You knew the following spells:

 Your Spells              Type           Power        Failure   Level  Hunger
a - Corona                Hex            #####..      1%          1    None
b - Ensorcelled Hibernat  Hex/Ice        #####.       1%          2    None
c - Confuse               Hex            #####...     1%          3    None


Dungeon Overview and Level Annotations

Branches:
Dungeon (11/15)            Temple (1/1) D:5            Lair (6/6) D:8
  Swamp (0/4) Lair:4       Spider (0/4) Lair:4        Slime (0/5) Lair:6
    Orc (1/2) D:10

Altars:
Cheibriados
Dithmenos
Elyvilon
Fedhas
Gozag
Hepliaklqana
Kikubaaqudgha
Makhleb
Nemelex Xobeh
Okawaru
Qazlal
Ru
Sif Muna
Trog
Uskayaw
Vehumet
Wu Jian
Xom
Yredelemnul
Zin
The Shining One
Beogh

Shops:
D:6 }

Annotations:
Lair:4 exclusion: oklob plant
Lair:5 exclusion: 2 oklob plants


Innate Abilities, Weirdness & Mutations

Your experience applies equally to all skills.
You have very sharp teeth.
Your uncanny sense of smell can sniff out nearby items.
Scrolls take you a little longer to read.


Message History

The bolt of fire hits the iron imp.
The iron imp completely resists.
The orc closely misses you.
Really read with blurry vision while enemies are nearby? [Y]es or [N]o only, please.
Really read with blurry vision while enemies are nearby? [Y]es or [N]o only, please.
Really read with blurry vision while enemies are nearby?
Okay, then.
Casting: Ensorcelled Hibernation (safe; 1% risk of failure)
Confirm with . or Enter, or press ? or * to list all spells.
Aiming: Ensorcelled Hibernation (safe; 1% risk of failure)
Press: ? - help, Shift-Dir - straight line, f/p - orc sorcerer
Aim: an orc sorcerer, wielding a dagger and wearing a glowing robe (not susceptible)
The orc sorcerer is unaffected.
* * * LOW MAGIC WARNING * * *
The ufetubus hits you but does no damage.
The ufetubus barely misses you. The neqoxec closely misses you.
The iron imp hits you but does no damage.
The soul eater hits you!
You die...

▒·▒▒▒·▒▒········· ▒·▒
▒·▒▒·········
▒▒▒▒▒·▒▒▒·▒▒·········
▒·········▒▒·········
▒·▒▒▒▒▒▒▒▒▒▒▒▒▒▒▒▒▒▒▒
▒·▒▒▒ ▒···▒▒▒ ▒·▒35)▒
▒·▒5@5▒ ▒·▒oo3▒
▒·▒▒▒5▒ ▒·▒▒··▒
▒·▒▒·▒▒ ▒·▒··▒ ▒·▒·▒▒
▒·▒·▒ ▒·▒·▒


You could see a soul eater, a neqoxec, an orc sorcerer, an iron imp, a shadow
imp, an orc and 2 ufetubi.

Vanquished Creatures
  The ghost of ThereIsNoGod the Geomancer, a journeyman FoEE of Makhleb (D:10)
  5 hydras
  Fannar (D:10)
  An ice dragon (Lair:4)
  The ghost of ThereIsNoGod the Geomancer, a novice FoEE of Makhleb (D:9)
  A two-headed ogre (D:8)
  2 death yaks (Lair:6)
  Nergalle (Lair:4)
  A necromancer (IceCv)
  2 ugly things (D:9)
  3 elephants (Lair:6)
  3 black mambas
  Joseph (D:8)
  12 spiny frogs
  Psyche (D:9)
  9 freezing wraiths (IceCv)
  2 rime drakes
  4 komodo dragons
  5 polar bears
  A troll (D:9)
  16 dream sheep
  5 blink frogs (Lair:3)
  3 hippogriffs
  Sigmund (D:4)
  A spriggan (Lair:4)
  37 yaks
  2 hungry ghosts
  2 basilisks
  4 wargs (D:10)
  Menkaure (D:7)
  7 porcupines
  12 water moccasins
  4 orc warriors
  5 black bears
  9 ice beasts
  A phantom (D:6)
  2 ogres
  A centaur (D:6)
  18 wolves
  8 crocodiles
  A big kobold (D:10)
  14 bullfrogs
  7 scorpions
  9 killer bees
  2 elephant simulacra (IceCv)
  An electric eel (Lair:2)
  7 wights
  2 crimson imps
  3 draconian simulacra (IceCv)
  2 centaur zombies
  3 hounds
  5 jellies
  A centaur skeleton (D:5)
  6 orc priests
  2 bullfrog skeletons
  Ijyb (D:3)
  2 iguanas
  5 orc wizards
  3 spriggan simulacra (IceCv)
  10 worker ants
  2 wolf simulacra (IceCv)
  A killer bee zombie (D:7)
  A troll simulacrum (IceCv)
  2 centaur simulacra (IceCv)
  2 hound zombies
  3 gnolls (D:4)
  A howler monkey skeleton (D:6)
  4 ogre simulacra (IceCv)
  18 adders
  A naga simulacrum (IceCv)
  2 shadow imps
  6 white imps (IceCv)
  4 oozes
  An adder zombie (D:6)
  An adder skeleton (D:4)
  3 dart slugs (D:1)
  4 worms
  3 leopard geckos
  63 orcs
  5 bats
  7 giant cockroaches
  10 goblins
  6 hobgoblins
  6 jackals
  3 quokkas
  A ball python (D:4)
  5 frilled lizards
  10 kobolds
  A leopard gecko skeleton (D:4)
  4 rats
  A fungus (Lair:6)
463 creatures vanquished.

Vanquished Creatures (collateral kills)
  Pikel (D:9)
1 creature vanquished.

Vanquished Creatures (others)
  A slave (D:9)
  A wight (D:9)
  An orc (D:9)
  15 fungi
  17 plants
35 creatures vanquished.

Grand Total: 499 creatures vanquished

Notes
Turn   | Place    | Note
-------+----------+-------------------------------------------
     0 | D:1      | Azzok the Gnoll Enchanter began the quest for the Orb.
     0 | D:1      | Reached XP level 1. HP: 13/13 MP: 6/6
   253 | D:1      | Reached XP level 2. HP: 14/19 MP: 4/7
   257 | D:1      | Learned a level 2 spell: Ensorcelled Hibernation
   760 | D:1      | Reached XP level 3. HP: 25/25 MP: 9/9
   826 | D:1      | Reached skill level 5 in Spellcasting
  1376 | D:2      | Reached skill level 1 in Invocations
  1384 | D:2      | Learned a level 3 spell: Confuse
  1456 | D:2      | Reached skill level 1 in Fighting
  1456 | D:2      | Reached skill level 1 in Long Blades
  1456 | D:2      | Reached skill level 1 in Axes
  1456 | D:2      | Reached skill level 1 in Maces & Flails
  1456 | D:2      | Reached skill level 1 in Polearms
  1456 | D:2      | Reached skill level 1 in Staves
  1456 | D:2      | Reached skill level 1 in Slings
  1456 | D:2      | Reached skill level 1 in Bows
  1456 | D:2      | Reached skill level 1 in Crossbows
  1456 | D:2      | Reached skill level 1 in Throwing
  1456 | D:2      | Reached skill level 1 in Armour
  1456 | D:2      | Reached skill level 1 in Shields
  1456 | D:2      | Reached skill level 1 in Unarmed Combat
  1456 | D:2      | Reached skill level 1 in Evocations
  1609 | D:2      | Reached XP level 4. HP: 32/32 MP: 8/11
  1845 | D:3      | Reached skill level 1 in Conjurations
  1845 | D:3      | Reached skill level 1 in Charms
  1845 | D:3      | Reached skill level 1 in Summonings
  1845 | D:3      | Reached skill level 1 in Necromancy
  1845 | D:3      | Reached skill level 1 in Translocations
  1845 | D:3      | Reached skill level 1 in Transmutations
  1845 | D:3      | Reached skill level 1 in Fire Magic
  1845 | D:3      | Reached skill level 1 in Ice Magic
  1845 | D:3      | Reached skill level 1 in Air Magic
  1845 | D:3      | Reached skill level 1 in Earth Magic
  1845 | D:3      | Reached skill level 1 in Poison Magic
  2301 | D:3      | Noticed Ijyb
  2306 | D:3      | Killed Ijyb
  2306 | D:3      | Reached XP level 5. HP: 37/37 MP: 12/12
  2901 | D:4      | Noticed Sigmund
  2909 | D:4      | Killed Sigmund
  2909 | D:4      | Reached skill level 5 in Dodging
  2909 | D:4      | Reached XP level 6. HP: 44/44 MP: 14/14
  3703 | D:5      | Entered Level 5 of the Dungeon
  3740 | D:5      | Reached XP level 7. HP: 50/50 MP: 11/15
  3915 | D:5      | Found a staircase to the Ecumenical Temple.
  3925 | Temple   | Entered the Ecumenical Temple
  4003 | Temple   | Became a worshipper of Vehumet
  4735 | D:6      | Found Qiogom's Gadget Shop.
  4748 | D:6      | Got a scorched buckler
  4789 | D:6      | Reached XP level 8. HP: 57/57 MP: 8/16
  4826 | D:6      | Reached * piety under Vehumet
  4826 | D:6      | Offered knowledge of Freeze by Vehumet.
  4990 | D:6      | Identified the cursed -6 buckler "Gal Pir" {+Blink +Inv rC+ rCorr} (You found it on level 6 of the Dungeon)
  5757 | D:7      | Reached XP level 9. HP: 65/65 MP: 15/18
  6031 | D:7      | Noticed Menkaure
  6035 | D:7      | Killed Menkaure
  6230 | D:7      | Offered knowledge of Throw Flame by Vehumet.
  6234 | D:7      | Reached ** piety under Vehumet
  6617 | D:7      | Reached skill level 5 in Short Blades
  6621 | D:7      | Found an ancient bone altar of Kikubaaqudgha.
  6815 | D:8      | Found a staircase to the Lair.
  6840 | D:8      | Noticed Joseph
  6862 | D:8      | Killed Joseph
  7015 | D:8      | Found a roughly hewn altar of Beogh.
  7165 | D:8      | Offered knowledge of Static Discharge by Vehumet.
  7285 | D:8      | Reached skill level 5 in Invocations
  7472 | D:8      | Found a glowing silver altar of Zin.
  7597 | D:8      | Noticed a two-headed ogre
  7609 | D:8      | Killed a two-headed ogre
  7609 | D:8      | Reached XP level 10. HP: 54/73 MP: 15/20
  7756 | D:8      | Found an ornate altar of the Wu Jian Council.
  7784 | D:8      | Found an opulent altar of Gozag.
  7787 | D:8      | Found a burning altar of Makhleb.
  7879 | D:8      | Found an iron altar of Okawaru.
  8025 | D:9      | Reached skill level 5 in Fighting
  8025 | D:9      | Reached skill level 5 in Long Blades
  8025 | D:9      | Reached skill level 5 in Axes
  8025 | D:9      | Reached skill level 5 in Maces & Flails
  8025 | D:9      | Reached skill level 5 in Polearms
  8025 | D:9      | Reached skill level 5 in Staves
  8025 | D:9      | Reached skill level 5 in Slings
  8025 | D:9      | Reached skill level 5 in Bows
  8025 | D:9      | Reached skill level 5 in Crossbows
  8025 | D:9      | Reached skill level 5 in Throwing
  8025 | D:9      | Reached skill level 5 in Armour
  8025 | D:9      | Reached skill level 5 in Shields
  8025 | D:9      | Reached skill level 5 in Unarmed Combat
  8025 | D:9      | Reached skill level 5 in Evocations
  8036 | D:9      | Noticed Psyche
  8043 | D:9      | Killed Psyche
  8043 | D:9      | Reached *** piety under Vehumet
  8079 | D:9      | Noticed a green ugly thing
  8079 | D:9      | Noticed ThereIsNoGod's ghost (novice FoEE)
  8091 | D:9      | Noticed Pikel
  8109 | D:9      | Killed Pikel
  8293 | D:9      | Killed ThereIsNoGod's ghost
  8411 | D:9      | Killed a green ugly thing
  9016 | D:9      | Offered knowledge of Airstrike by Vehumet.
  9177 | D:10     | Entered Level 10 of the Dungeon
  9177 | D:10     | Found a radiant altar of Vehumet.
  9201 | D:10     | Noticed a green ugly thing
  9207 | D:10     | Reached XP level 11. HP: 80/81 MP: 15/22
  9222 | D:9      | Killed a green ugly thing
 10089 | D:10     | Reached **** piety under Vehumet
 10116 | D:10     | Reached skill level 5 in Conjurations
 10116 | D:10     | Reached skill level 5 in Charms
 10116 | D:10     | Reached skill level 5 in Summonings
 10116 | D:10     | Reached skill level 5 in Necromancy
 10116 | D:10     | Reached skill level 5 in Translocations
 10116 | D:10     | Reached skill level 5 in Transmutations
 10116 | D:10     | Reached skill level 5 in Fire Magic
 10116 | D:10     | Reached skill level 5 in Ice Magic
 10116 | D:10     | Reached skill level 5 in Air Magic
 10116 | D:10     | Reached skill level 5 in Earth Magic
 10116 | D:10     | Reached skill level 5 in Poison Magic
 10313 | D:10     | Offered knowledge of Lightning Bolt by Vehumet.
 10357 | D:10     | Noticed ThereIsNoGod's ghost (journeyman FoEE)
 10411 | D:10     | Killed ThereIsNoGod's ghost
 10580 | D:10     | Found a staircase to the Orcish Mines.
 10919 | D:10     | Got a coiled steel ring
 10920 | D:10     | Identified the ring "Garchono" {Str+4 Int+2 Dex+2 Slay-5} (You found it on level 10 of the Dungeon)
 11032 | D:11     | Noticed a six-headed hydra
 11417 | Lair:1   | Entered Level 1 of the Lair of Beasts
 11788 | Lair:1   | Reached XP level 12. HP: 89/89 MP: 24/24
 12328 | Lair:2   | Reached ***** piety under Vehumet
 12574 | Lair:2   | Offered knowledge of Fulminant Prism by Vehumet.
 14362 | Lair:4   | Found a staircase to the Swamp.
 14367 | Lair:4   | Noticed Nergalle
 14425 | Lair:4   | Killed Nergalle
 14597 | Lair:4   | Found a frozen archway.
 14599 | Lair:4   | Noticed an ice dragon
 14656 | Lair:4   | Killed an ice dragon
 14733 | IceCv    | Entered an ice cave
 15228 | IceCv    | Reached XP level 13. HP: 98/98 MP: 19/26
 15642 | IceCv    | Found an ancient bone altar of Kikubaaqudgha.
 16495 | IceCv    | Offered knowledge of Irradiate by Vehumet.
 16824 | Lair:4   | Reached skill level 10 in Stealth
 17835 | Lair:4   | Found a hole to the Spider Nest.
 18248 | Lair:5   | Found a radiant altar of Vehumet.
 18923 | Lair:5   | Got a warped leather armour
 18924 | Lair:5   | Identified the +0 leather armour of Wisdom {rElec rC++ Regen+ Int-2} (You found it on level 5 of the Lair of Beasts)
 19441 | Lair:6   | Entered Level 6 of the Lair of Beasts
 19677 | Lair:6   | Found a staircase to the Slime Pits.
 20431 | Lair:6   | Reached skill level 10 in Spellcasting
 20564 | Lair:6   | Reached XP level 14. HP: 106/106 MP: 16/28
 21501 | Lair:1   | Upgraded the game from 0.22-a0-160-gcc81d7a to 0.22-a0-161-g198051c
 21593 | Orc:1    | Entered Level 1 of the Orcish Mines
 21593 | Orc:1    | Noticed Fannar
 21610 | D:10     | Killed Fannar
 21840 | D:10     | Reached skill level 10 in Dodging
 21846 | D:10     | Gained mutation: Scrolls take you a little longer to read. [a neqoxec]
 21847 | D:10     | Slain by a soul eater

Vault maps used:
D:1:      lightli_arrival_lavapool, minmay_pentomino_x2
D:3:      uniq_ijyb
D:4:      first_ration, uniq_sigmund
D:5:      kennysheep_six_static_rooms, minmay_temple_entry_hall, serial_glass,
          glass_columns_a, glass_columns_a, glass_columns_b
D:6:      serial_shops, shop_fountains
D:7:      marbit_many_paths, uniq_menkaure
D:8:      zin_academy, grunt_temple_overflow_cloverleaf, special_room,
          uniq_joseph
D:9:      uniq_pikel, uniq_psyche
D:10:     minmay_orc_entry_guard_dogs, basic_altar
D:11:     uniq_erica, uniq_grum
Temple:   eino_temple_scatter_basement
Lair:2:   small_statue_intersection, cheibrodos_lair_reptile_den,
          serial_bayou_shore_a
Lair:4:   swamp_mist_pool, nicolae_spider_entry_non_spiders,
          portal_ice_cave_entry_animals_and_master, minivault_27,
          grunt_forest_stairs_clearing, lemuel_fruit_tree,
          minmay_lair_oklob_chamber, uniq_nergalle
Lair:5:   basic_altar, disabler_island
Lair:6:   grunt_lair_end_beastmaster, nicolae_slime_entry_slimehenge
Orc:1:    serial_shops, shop, special_room, okawaru_metal_pillars_1_2,
          uniq_fannar, uniq_erolcha
IceCv:    ice_cave_small_necro

Skill      XL: |  1  2  3  4  5  6  7  8  9 10 11 12 13 14 |
---------------+-------------------------------------------+-----
Spellcasting   | 5 6 7 8 9 10 | 10.1
Stealth        | 6 7 8 9 10 | 10.6
Invocations    | 1 2 3 4 5 6 7 8 9 |  9.6
Fighting       | 1 2 3 4 5 6 7 8 |  8.8
Long Blades    | 1 2 3 4 5 6 7 8 |  8.8
Axes           | 1 2 3 4 5 6 7 8 |  8.8
Maces & Flails | 1 2 3 4 5 6 7 8 |  8.8
Polearms       | 1 2 3 4 5 6 7 8 |  8.8
Staves         | 1 2 3 4 5 6 7 8 |  8.8
Slings         | 1 2 3 4 5 6 7 8 |  8.8
Bows           | 1 2 3 4 5 6 7 9 |  9.4
Crossbows      | 1 2 3 4 5 6 7 8 |  8.8
Throwing       | 1 2 3 4 5 6 7 8 |  8.8
Armour         | 1 2 3 4 5 6 7 8 |  8.8
Shields        | 1 2 3 4 5 6 7 8 |  8.8
Unarmed Combat | 1 2 3 4 5 6 7 8 |  8.8
Evocations     | 1 2 3 4 5 6 7 8 |  8.8
Conjurations   | 1 2 3 4 5 6 7 |  7.3
Charms         | 1 2 3 4 5 6 7 |  7.3
Summonings     | 1 2 3 4 5 6 7 |  7.3
Necromancy     | 1 2 3 4 5 6 7 |  7.3
Translocations | 1 2 3 4 5 6 7 |  7.3
Transmutations | 1 2 3 4 5 6 7 |  7.3
Fire Magic     | 1 2 3 4 5 6 7 |  7.3
Ice Magic      | 1 2 3 4 5 6 7 |  7.3
Air Magic      | 1 2 3 4 5 6 7 |  7.3
Earth Magic    | 1 2 3 4 5 6 7 |  7.3
Poison Magic   | 1 2 3 4 5 6 7 |  7.3
Short Blades   | 3 4 5 6 7 8 9 |  9.2
Dodging        | 5 6 7 8 9 10 | 10.0
Hexes          | 6 7 8 9 |  9.2

Action                   |  1- 3 |  4- 6 |  7- 9 | 10-12 | 13-15 || total
-------------------------+-------+-------+-------+-------+-------++-------
Melee: Dagger            |    68 |    82 |   281 |   358 |   346 ||  1135
       Bite              |     1 |     5 |    24 |    31 |    32 ||    93
       Punch             |       |     1 |     1 |     7 |     4 ||    13
 Cast: Corona            |     2 |       |     4 |     4 |    15 ||    25
       Ensorcelled Hiber |    18 |    11 |    89 |   171 |   151 ||   440
       Confuse           |       |     2 |    23 |    92 |    83 ||   200
  Use: Scroll            |       |     4 |     8 |     5 |     4 ||    21
 Stab: Sleeping          |    24 |    16 |    72 |   116 |    75 ||   303
       Distracted        |     1 |       |       |     1 |       ||     2
       Confused          |       |     2 |    10 |    55 |    52 ||   119
  Eat: Chunk             |     2 |     7 |    11 |    19 |    12 ||    51
       Ration            |       |       |     1 |     1 |     3 ||     5
Armor: Robe              |     9 |     7 |    40 |    49 |    64 ||   169
Dodge: Dodged            |    46 |    45 |   156 |   224 |   227 ||   698
Block: Buckler           |       |       |       |       |    60 ||    60

Table legend:
 A = Spawn XP
 B = Non-spawn XP
 C = Spawn XP percentage of total XP
 D = Spawn monster count
 E = Non-spawn monster count
 F = Spawn count percentage of total count
 G = Total turns spent on level
                    A         B        C        D         E        F      G
               +---------+---------+-------+---------+---------+-------+---------
         Total |       0 |   59615 |   0.0 |       0 |     463 |   0.0 | 21847
               +---------+---------+-------+---------+---------+-------+---------
           D:1 |       0 |      41 |   0.0 |       0 |      23 |   0.0 |  1144
           D:2 |       0 |      47 |   0.0 |       0 |      16 |   0.0 |   609
           D:3 |       0 |      98 |   0.0 |       0 |      14 |   0.0 |   805
           D:4 |       0 |     412 |   0.0 |       0 |      13 |   0.0 |  1145
           D:5 |       0 |     361 |   0.0 |       0 |      21 |   0.0 |   865
           D:6 |       0 |    1164 |   0.0 |       0 |      32 |   0.0 |   997
           D:7 |       0 |    1370 |   0.0 |       0 |      27 |   0.0 |  1149
           D:8 |       0 |    1806 |   0.0 |       0 |      37 |   0.0 |  1198
           D:9 |       0 |    4405 |   0.0 |       0 |      25 |   0.0 |  1563
          D:10 |       0 |    6012 |   0.0 |       0 |      50 |   0.0 |  2149
        Lair:1 |       0 |    4684 |   0.0 |       0 |      23 |   0.0 |  1030
        Lair:2 |       0 |     800 |   0.0 |       0 |       8 |   0.0 |   763
        Lair:3 |       0 |    5276 |   0.0 |       0 |      25 |   0.0 |  1176
        Lair:4 |       0 |   10363 |   0.0 |       0 |      52 |   0.0 |  2051
        Lair:5 |       0 |    4863 |   0.0 |       0 |      11 |   0.0 |  1618
        Lair:6 |       0 |   12803 |   0.0 |       0 |      45 |   0.0 |  1472
         Orc:1 |       0 |       3 |   0.0 |       0 |       1 |   0.0 |    19
         IceCv |       0 |    5107 |   0.0 |       0 |      40 |   0.0 |  1983
               +---------+---------+-------+---------+---------+-------+---------
